 Dungeon Crawl Stone Soup version 0.30-a0-953-g5f1da4a474 (webtiles) character file.

Game seed: 3989834990306943133

75 NotreDorf the Trooper (level 4, -2/41 HPs)
             Began as a Hill Orc Fighter on Mar 28, 2023.
             Slain by a gnoll
             ... wielding a +0 spear
              (4 damage)
             ... on level 2 of the Dungeon.
             The game lasted 00:05:05 (1575 turns).

NotreDorf the Trooper (Hill Orc Fighter)            Turns: 1575, Time: 00:05:05

Health: -2/41      AC:  7    Str: 20    XL:     4   Next: 31%
Magic:  4/4        EV:  9    Int:  8    God:
Gold:   53         SH:  9    Dex: 10    Spells: 3/3 levels left

rFire   . . .      SeeInvis +    a - +0 war axe
rCold   . . .      Faith    .    c - +0 buckler
rNeg    . . .      Spirit   .    b - +0 scale mail
rPois   .          Reflect  +    (no helmet)
rElec   .          Rampage  .    (no cloak)
rCorr   .                        (no gloves)
Will    .....                    (no boots) Stlth
                                 q - amulet of reflection
HPRegen 0.26/turn                l - ring of see invisible
MPRegen 0.09/turn                (no ring)

@: no status effects
A: no striking features
a: no special abilities


You were on level 2 of the Dungeon.
You visited 1 branch of the dungeon, and saw 2 of its levels.

You collected 53 gold pieces.

Inventory:

Hand Weapons
 a - a +0 war axe (weapon)
Missiles
 e - 2 poisoned darts (quivered)
Armour
 b - a +0 scale mail (worn)
 c - a +0 buckler (worn)
 o - a +0 kite shield
Jewellery
 l - a ring of see invisible (left hand)
 q - an amulet of reflection (around neck)
Wands
 p - a wand of paralysis (13)
Scrolls
 f - a scroll of silence {unknown}
 h - 2 scrolls of identify {unknown}
 i - a scroll of noise {unknown}
 j - a scroll of vulnerability {unknown}
 m - a scroll of fog {unknown}
 s - a scroll of teleportation {unknown}
Potions
 d - a potion of might
 g - a potion of ambrosia {unknown}
 k - a potion of curing {unknown}
 n - a potion of berserk rage {unknown}
 r - a potion of heal wounds {unknown}


   Skills:
 + Level 4.3 Fighting
 + Level 3.7 Axes
 + Level 4.0 Armour
 + Level 3.9 Shields


You had 3 spell levels left.
You didn't know any spells.
Your spell library contained the following spells:

 Spells                   Type           Power      Damage    Failure   Level
 Freeze                   Ice            0%         1d3       85%         1
 Frozen Ramparts          Ice            0%         1d1       99%         3
 Hailstorm                Conj/Ice       0%         3d3       99%         3
 Iskenderun's Battlesphe  Conj           0%         2d6       100%        5
 Iron Shot                Conj/Erth      0%         9d1       100%        6
 Spellforged Servitor     Conj/Summ      0%         N/A       100%        7


Dungeon Overview and Level Annotations

Branches:
Dungeon (2/15)

Altars:


Message History

The gnoll hits you with a +2 flail of holy wrath.
You closely miss the gnoll.
The gnoll is moderately wounded.
You barely miss the gnoll. You block the gnoll's attack.
The gnoll hits you with a +2 flail of holy wrath!
You slash the gnoll!
The gnoll is almost dead.
You slash the gnoll! The gnoll barely misses you.
The gnoll hits you with a +2 flail of holy wrath.
The gnoll hits you with a +0 halberd. You block the gnoll's attack.
You slash the gnoll!
You kill the gnoll!
You barely miss the gnoll. You block the gnoll's attack.
You have reached level 4!
You barely miss the gnoll.
The gnoll is almost dead.
The gnoll hits you but does no damage.
You hit the gnoll.
You kill the gnoll!
The goblin barely misses you.
The gnoll hits you from afar with a +0 spear!
* * * LOW HITPOINT WARNING * * *
Your Armour skill increases to level 4!
You closely miss the goblin. The goblin hits you but does no damage.
The gnoll hits you but does no damage.
You hit the goblin.
The goblin is heavily wounded.
The goblin barely misses you. The gnoll hits you but does no damage.
The goblin closely misses you.
The gnoll hits you from afar with a +0 spear!
* * * LOW HITPOINT WARNING * * *
You hit the goblin.
The goblin is heavily wounded.
The goblin hits you with a +0 club.
* * * LOW HITPOINT WARNING * * *
The gnoll hits you but does no damage.
You slash the goblin!
You kill the goblin!
The gnoll hits you from afar with a +0 spear.
You die...

# #########
##########
........#
#.........
#@#######.###.##.#
#))g.............>
########..........
#..###.##..
#.g##...#..
#g.#.......
##.g........
########.#.#.....#.
........###...#..#.


You could see a gnoll.

Vanquished Creatures
  3 gnolls (D:2)
  A worm (D:2)
  A dart slug (D:1)
  6 bats
  4 endoplasms
  7 goblins
  5 hobgoblins
  A jackal (D:1)
  2 quokkas (D:2)
  3 ball pythons
  3 frilled lizards (D:2)
  3 kobolds
  2 rats
41 creatures vanquished.

Vanquished Creatures (others)
  2 fungi (D:2)
2 creatures vanquished.

Grand Total: 43 creatures vanquished

Notes
Turn   | Place    | Note
-------+----------+-------------------------------------------
     0 | D:1      | NotreDorf the Hill Orc Fighter began the quest for the Orb.
     0 | D:1      | Reached XP level 1. HP: 19/19 MP: 1/1
   101 | D:1      | Reached XP level 2. HP: 23/27 MP: 2/2
   643 | D:1      | Reached XP level 3. HP: 31/33 MP: 3/3
  1260 | D:2      | Found a faded altar of an unknown god.
  1570 | D:2      | Reached XP level 4. HP: 20/40 MP: 4/4
  1574 | D:2      | HP: 2/41 [goblin/+0 club (4)]
  1575 | D:2      | Slain by a gnoll

Illustrated notes

Levels and vault maps discovered:
D:1:      dpeg_arrival_brainrot, layout_loops_cross
D:2:      layout_loops_ring, shapermc_ecumenical_altar_hornbeckon,
          minmay_tetromino_i4

Skill      XL: |  1  2  3  4 |
---------------+-------------+-----
Axes           | 3 |  3.7
Fighting       | 4 |  4.3
Armour         | 4 |  4.0
Shields        | |  3.9

Action                     |  1- 3 |  4- 6 || total
---------------------------+-------+-------++-------
  Melee: War axe           |   101 |     6 ||   107
  Throw: Dart              |     1 |       ||     1
 Armour: Scale mail        |    41 |     5 ||    46
  Dodge: Dodged            |    55 |     3 ||    58
  Block: Buckler           |    37 |       ||    37

Table legend: (Time is in decaauts)
 A = Elapsed time spent in this place.
 B = Non-inter-level travel time spent in this place.
 C = Inter-level travel time spent in this place.
 D = Time resting spent in this place.
 E = Time spent auto-exploring this place.
 F = Levels seen in this place.
 G = Mean time per level.
                   A        B        C        D        E       F      G
               +--------+--------+--------+--------+--------+-----+--------+
         Total |   1624 |   1614 |     10 |     93 |   1222 |   2 |  812.0 |
       Dungeon |   1624 |   1614 |     10 |     93 |   1222 |   2 |  812.0 |
               +--------+--------+--------+--------+--------+-----+--------+

Top non-repeatable levels by time:
     D:1: 882 daAuts
     D:2: 742 daAuts
